 Dungeon Crawl Stone Soup version 0.31.0-11-ge490571c62 (webtiles) character file.

Game seed: 2350506197922940702

39 qw the Shooter (level 3, -2/20 HPs)
             Began as a Deep Elf Hunter on Feb 4, 2024.
             Slain by Terence
             ... wielding a +0 hand axe
              (4 damage)
             ... on level 1 of the Dungeon.
             The game lasted 00:00:02 (945 turns).

qw the Shooter (Deep Elf Hunter)                     Turns: 945, Time: 00:00:03

Health: -2/20      AC:  3    Str: 10    XL:     3   Next: 26%
Magic:  5/5        EV: 12    Int: 13    God:
Gold:   50         SH:  0    Dex: 18    Spells: 2/2 levels left

rFire   . . .        a - +0 shortbow
rCold   . . .        (shield currently unavailable)
rNeg    . . .        c - +0 leather armour
rPois   .            (no helmet)
rElec   .            (no cloak)
rCorr   .            (no gloves)
SInv    .            (no boots)
Will    .....        (no amulet)
Stlth   ++           (no ring)
HPRegen 0.23/turn    (no ring)
MPRegen 0.09/turn

%: no passive effects
@: no status effects
A: no striking features
a: no special abilities


You were on level 1 of the Dungeon.
You visited 1 branch of the dungeon, and saw 2 of its levels.

You collected 50 gold pieces.


   Skills:
 - Level 1.5 Fighting
 + Level 6.8 Ranged Weapons
 - Level 2.4 Dodging
 - Level 1.2 Stealth


You had 2 spell levels left.
You didn't know any spells.
Your spell library was empty.

Inventory:

Hand Weapons
 a - a +0 shortbow (weapon)
Armour
 c - a +0 leather armour (worn)
Potions
 d - a potion of degeneration {unknown}
 f - a potion of brilliance {unknown}
 g - a potion of curing {unknown}
 h - a potion of heal wounds {unknown}

Dungeon Overview and Level Annotations

Branches:
Dungeon (2/15)

Altars:

Annotations:
D:1 Terence


Message History

932 ||| STAIRDANCE Terence hits you with a +0 hand axe!
You climb upwards.
There is a stone staircase leading down here.
You shoot an arrow. The arrow barely misses Terence.
Terence closely misses you.
You shoot an arrow. The arrow closely misses Terence.
Terence barely misses you.
You shoot an arrow. The arrow hits Terence.
Terence is lightly wounded.
Terence hits you with a +0 hand axe.
You shoot an arrow. The arrow hits Terence.
Terence is moderately wounded.
Terence closely misses you.
You shoot an arrow. The arrow completely misses Terence.
Terence hits you with a +0 hand axe.
You shoot an arrow. The arrow hits Terence.
Terence is heavily wounded.
Terence completely misses you.
You shoot an arrow. The arrow hits Terence.
Terence is almost dead.
Terence misses you.
You shoot an arrow. The arrow closely misses Terence.
Terence closely misses you.
You shoot an arrow.
The arrow hits Terence but does no damage.
Terence is almost dead.
Terence completely misses you. Terence hits you with a +0 hand axe.
You shoot an arrow.
The arrow hits Terence but does no damage.
Terence is almost dead.
Terence completely misses you.
You shoot an arrow. The arrow completely misses Terence.
Terence barely misses you.
You shoot an arrow.
The arrow hits Terence but does no damage.
Terence is almost dead.
Terence hits you with a +0 hand axe.
You die...
Terence says, "That felt goooood."

#.# #......##### #.#
##........... #.#
#............ #.#
##.......####> #.#
#####.!######## #. #.#
#.....## #...# #. #.#
#....## #...# #)
#.######@...######...###.
#.......@........).......
########.########....####
#.########....#
#.......##...##
#....##.##...#
####..#.##...###
##.#.#......#
#...#......# ##.........#


You could see Terence.

Vanquished Creatures
  3 ball pythons (D:1)
  2 bats (D:1)
  6 endoplasms (D:1)
  4 goblins (D:1)
  5 hobgoblins (D:1)
  3 jackals (D:1)
  3 kobolds (D:1)
  2 frilled lizards (D:1)
  3 rats (D:1)
31 creatures vanquished.

Notes
Turn   | Place    | Note
-------+----------+-------------------------------------------
     0 | D:1      | qw the Deep Elf Hunter began the quest for the Orb.
     0 | D:1      | Reached XP level 1. HP: 12/12 MP: 3/3
     0 | D:1      | 0 ||| qw: Version: 0.3-a-160-g6735b56
     0 | D:1      | 0 ||| qw: Game counter: 4483
     0 | D:1      | 0 ||| qw: Melee chars always use a shield: true
     0 | D:1      | 0 ||| qw: God list: Okawaru
     0 | D:1      | 0 ||| qw: Allow faded altars: false
     0 | D:1      | 0 ||| qw: Do Orc after clearing Dungeon:15 true
     0 | D:1      | 0 ||| qw: Do second Lair branch before Depths: true
     0 | D:1      | 0 ||| qw: Lair rune preference: random
     0 | D:1      | 0 ||| qw: Goals: Normal
     0 | D:1      | 0 ||| PLANNING D:1-11
   118 | D:1      | Reached skill level 6 in Ranged Weapons
   118 | D:1      | Reached XP level 2. HP: 16/16 MP: 4/4
   586 | D:1      | Reached XP level 3. HP: 20/20 MP: 5/5
   871 | D:1      | 871 ||| DRINKING 2 emerald potions.
   923 | D:1      | 923 ||| DROPPING scroll of butterflies.
   924 | D:1      | 924 ||| DROPPING potion of lignification.
   931 | D:2      | Noticed Terence
   932 | D:2      | 932 ||| STAIRDANCE
   938 | D:1      | HP: 5/20 [Terence/+0 hand axe (4)]
   942 | D:1      | HP: 1/20 [Terence/+0 hand axe (5)]
   945 | D:1      | Slain by Terence

Levels and vault maps discovered:
D:1:      lemuel_arrival_rhombus, layout_basic
D:2:      layout_loops_ring, minmay_pentomino_z2, uniq_terence, uniq_robin

Skill      XL: |  1 |
---------------+----+-----
Ranged Weapons | 6 |  6.8
Fighting       | |  1.5
Dodging        | |  2.4
Stealth        | |  1.2

Action                     || total
---------------------------++-------
   Fire: Shortbow          ||    82
    Use: Potion            ||     1
 Armour: Leather armour    ||     9
  Dodge: Dodged            ||    16

Table legend:
 A = Non-vault XP
 B = Vault XP
 C = Vault XP percentage of total XP
 D = Non-vault monster count
 E = Vault monster count
 F = Vault count percentage of total count
                 A         B        C        D         E       F
            +---------+---------+-------+---------+---------+-------
      Total |      56 |       0 |   0.0 |      31 |       0 |   0.0
            +---------+---------+-------+---------+---------+-------
        D:1 |      56 |       0 |   0.0 |      31 |       0 |   0.0
            +---------+---------+-------+---------+---------+-------
